 Dungeon Crawl Stone Soup version 0.24.0-123-gd5b16e6ec5 (webtiles) character file.

Game seed: 11028701757557033181, levelgen mode: deterministic

4592 Bluestream the Spear-Bearer (level 10, -2/130 (132) HPs)
             Began as a Minotaur Berserker on Jan 31, 2020.
             Was an Elder of Trog.
             Slain by a wolf (5 damage)
             ... led by Grum
             ... on level 8 of the Dungeon.
             The game lasted 00:25:15 (6279 turns).

Bluestream the Spear-Bearer (Minotaur Berserker)    Turns: 6279, Time: 00:25:16

HP:   -2/130 (132)  AC: 15    Str: 27    XL:     10   Next: 18%
MP:   9/9           EV:  8    Int:  4    God:    Trog [****..]
Gold: 393           SH:  0    Dex: 13    Spells: 9/9 levels left

rFire    . . .     SeeInvis .   v - +0 scythe
rCold    . . .     Gourm    .   (shield currently unavailable)
rNeg     . . .     Faith    .   H - +1 plate armour
rPois    .         Spirit   .   (helmet restricted)
rElec    .         Reflect  .   l - +0 cloak
rCorr    .         Harm     .   (no gloves)
MR       .....                  (no boots)
Stlth    ..........             (no amulet)
HPRegen  0.31/turn              (no ring)
MPRegen  0.11/turn              (no ring)

@: berserking, lethally poisoned (-2 -> -5), very quick
A: retaliatory headbutt, horns 2
a: Berserk, Trog's Hand, Brothers in Arms, Renounce Religion


You were on level 8 of the Dungeon.
You worshipped Trog.
Trog was greatly pleased with you.
You were very hungry.

You visited 1 branch of the dungeon, and saw 8 of its levels.

You collected 393 gold pieces.

Inventory:

Hand Weapons
 a - a +0 spear
 q - a +3 flail of protection
 v - a +0 scythe (weapon)
Armour
 j - a +0 pair of boots
 l - a +0 cloak (worn)
 m - a +0 robe
 n - a +0 scale mail
 s - a +0 helmet
 H - a +1 plate armour (worn)
Jewellery
 b - an uncursed ring of magical power {unknown}
 t - an uncursed amulet of guardian spirit {unknown}
 G - an uncursed ring of protection from magic {unknown}
Wands
 p - a wand of random effects (12)
 u - a wand of flame (6)
 D - a wand of acid (7)
 F - a wand of scattershot (7)
Scrolls
 f - a scroll of enchant armour
 i - a scroll of remove curse
 k - a scroll of teleportation
 w - a scroll of fear
 y - 2 scrolls of magic mapping
 A - 2 scrolls of identify
 E - 3 scrolls of amnesia
Potions
 d - a potion of flight {unknown}
 e - 4 potions of heal wounds
 g - a potion of lignification {unknown}
 h - 2 potions of agility
 o - a potion of resistance
 r - a potion of degeneration {unknown}
 x - a potion of mutation {unknown}
 z - 2 potions of curing
 B - a potion of haste
 C - a potion of ambrosia {unknown}
Comestibles
 c - 13 rations


   Skills:
 + Level 7.9 Fighting
 * Level 14.2 Polearms
 + Level 7.7 Armour
 - Level 2.2 Dodging
 + Level 1.5 Stealth


You had 9 spell levels left.
You didn't know any spells.
Your spell library was empty.

Dungeon Overview and Level Annotations

Branches:
Dungeon (8/15)             Temple (0/1) D:7
   Lair: D:8-11

Altars:
Kikubaaqudgha
Qazlal
Ru
Sif Muna
Zin

Shops:
D:5 *

Annotations:
D:8 Grum


Innate Abilities, Weirdness & Mutations

You reflexively headbutt those who attack you in melee.
You have a pair of horns on your head.


Message History

Grum hits you but does no damage.
You are too berserk!
You closely miss the hornet.
The hornet is severely wounded.
You feel yourself speed up.
You feel sick.
The hornet stings you but does no damage.
The wolf bites you but does no damage. The hornet barely misses you.
Grum hits you but does no damage. The wolf closely misses you.
You slash the hornet! You headbutt the hornet.
You kill the hornet!
Trog accepts your kill.
You feel sick. The wolf bites you but does no damage.
Grum hits you from afar with a +1 spear.
* * * LOW HITPOINT WARNING * * *
You are feeling very hungry.
You slice the wolf!! Your headbutt misses the wolf.
The wolf is almost dead.
The wolf bites you.
You die...

.............# #.
........##.#.######.#
#.
######.......†)......
.... #...............
###. #..##.#.######.#
# #..##.#.######.#
#..............#
####..##h########.#
#....g†@..#
###...##### #..†#
#.y.# #g..# #..## #..
#.. #.#


You could see Grum and a wolf.

Vanquished Creatures
  Pikel (D:5)
  Psyche (D:8)
  A hornet (D:8)
  Prince Ribbit (D:6)
  Sigmund (D:5)
  A wyvern (D:8)
  Eustachio (D:5)
  The ghost of SeriousMike the Charmwright, an amateur HuSk of Kikubaaqudgha (D:3)
  Edmund (D:4)
  A water moccasin (D:7)
  A sky beast (D:6)
  2 ice beasts
  A slave (D:5)
  2 black bears
  5 ogres
  A necrophage (D:8)
  3 wolves (D:8)
  2 centaurs
  3 bullfrogs
  4 scorpions
  A water moccasin skeleton (D:6)
  A bullfrog zombie (D:4)
  3 hounds
  2 jellies
  A centaur skeleton (D:4)
  5 orc priests
  A bullfrog skeleton (D:6)
  3 iguanas
  4 orc wizards
  4 worker ants
  A hound zombie (D:8)
  A hound skeleton (D:4)
  2 worker ant zombies (D:8)
  7 adders
  A shadow imp (D:5)
  3 oozes
  3 worms (D:3)
  A dart slug (D:3)
  6 leopard geckos
  21 orcs
  4 ball pythons
  6 bats
  3 giant cockroaches
  5 hobgoblins
  17 jackals
  4 quokkas
  5 frilled lizards
  2 goblins
  6 kobolds
  8 rats
165 creatures vanquished.

Notes
Turn   | Place    | Note
-------+----------+-------------------------------------------
     0 | D:1      | Bluestream the Minotaur Berserker began the quest for the
                  | Orb.
     0 | D:1      | Reached XP level 1. HP: 19/19 MP: 0/0
    57 | D:1      | Reached skill level 4 in Polearms
    57 | D:1      | Reached XP level 2. HP: 26/27 MP: 1/1
   277 | D:1      | Reached XP level 3. HP: 28/33 MP: 2/2
   873 | D:2      | Found an ancient bone altar of Kikubaaqudgha.
   893 | D:2      | Reached skill level 5 in Polearms
   895 | D:2      | Reached XP level 4. HP: 21/41 MP: 3/3
   902 | D:2      | Reached ** piety under Trog
   905 | D:2      | Reached skill level 5 in Fighting
  1294 | D:2      | Reached XP level 5. HP: 48/48 MP: 4/4
  1533 | D:3      | Found a runed translucent door.
  1633 | D:3      | Reached skill level 6 in Polearms
  2319 | D:3      | Noticed SeriousMike's ghost (amateur HuSk)
  2328 | D:3      | Killed SeriousMike's ghost
  2328 | D:3      | Reached skill level 7 in Polearms
  2328 | D:3      | Reached XP level 6. HP: 56/56 MP: 5/5
  2457 | D:4      | Found a glowing silver altar of Zin.
  2611 | D:4      | Reached *** piety under Trog
  2611 | D:4      | Reached skill level 8 in Polearms
  2611 | D:4      | Reached XP level 7. HP: 62/62 MP: 6/6
  2676 | D:4      | Found a shimmering blue altar of Sif Muna.
  2843 | D:4      | Noticed Edmund
  2858 | D:4      | Killed Edmund
  2858 | D:4      | Reached skill level 1 in Stealth
  3164 | D:4      | Reached skill level 9 in Polearms
  3443 | D:5      | Entered Level 5 of the Dungeon
  3479 | D:5      | Found Vofod's Assorted Antiques.
  3510 | D:5      | Noticed Sigmund
  3512 | D:5      | Noticed Eustachio
  3517 | D:5      | Killed Sigmund
  3517 | D:5      | Reached XP level 8. HP: 70/70 MP: 7/7
  3554 | D:5      | Killed Eustachio
  3609 | D:5      | Reached skill level 10 in Polearms
  3670 | D:5      | Reached skill level 5 in Armour
  3982 | D:5      | Noticed Pikel
  3989 | D:5      | Killed Pikel
  3989 | D:5      | Reached skill level 11 in Polearms
  4551 | D:6      | Reached XP level 9. HP: 41/79 MP: 8/8
  4679 | D:6      | Noticed Prince Ribbit
  4691 | D:6      | Killed Prince Ribbit
  4870 | D:6      | Reached skill level 12 in Polearms
  5275 | D:7      | Reached **** piety under Trog
  5306 | D:7      | Found a staircase to the Ecumenical Temple.
  5554 | D:7      | Found a stormy altar of Qazlal.
  5973 | D:8      | Reached skill level 13 in Polearms
  6027 | D:8      | Noticed Psyche
  6032 | D:8      | Killed Psyche
  6109 | D:8      | Found a sacrificial altar of Ru.
  6188 | D:8      | Reached XP level 10. HP: 87/87 MP: 9/9
  6257 | D:8      | Noticed Grum
  6266 | D:8      | Reached skill level 14 in Polearms
  6278 | D:8      | HP: 3/130 [Grum/+1 spear (4)]
  6279 | D:8      | Slain by a wolf

Levels and vault maps discovered:
D:1:      dpeg_arrival_tiny_j, layout_rooms
D:2:      cheibrodos_pilgrimage, layout_rooms, lemuel_crystal_altar
D:3:      layout_loops_corners, ebering_ghost_reflecting_pool
D:4:      layout_loops_ring, lemuel_round_altar, lemuel_crystal_altar,
          first_ration, uniq_edmund
D:5:      layout_cave_pods, serial_shops, shop_fountains, uniq_eustachio,
          uniq_pikel, uniq_sigmund
D:6:      layout_basic, uniq_prince_ribbit1
D:7:      layout_basic, nicolae_qazlal_general_emergency,
          minmay_temple_entry_wispy, grunt_ogre_cave, nicolae_underground_beach
D:8:      cheibrodos_barr_body, layout_basic, lemuel_crystal_altar,
          minmay_lair_entry_lava, nicolae_ru_awakened_eye, uniq_grum,
          uniq_joseph, uniq_psyche

Skill      XL: |  1  2  3  4  5  6  7  8  9 10 |
---------------+-------------------------------+-----
Polearms       | 4 5 7 8 9 11 13 14 | 14.2
Fighting       | 4 5 6 7 |  7.9
Armour         | 3 4 6 7 |  7.7
Stealth        | 1 |  1.5
Dodging        | |  2.2

Action                   |  1- 3 |  4- 6 |  7- 9 | 10-12 || total
-------------------------+-------+-------+-------+-------++-------
Melee: Spear             |    82 |   147 |    94 |       ||   323
       Headbutt          |    13 |    26 |    54 |     2 ||    95
       Scythe            |       |       |   184 |    24 ||   208
Invok: Berserk           |     2 |     3 |     7 |     1 ||    13
  Use: Scroll            |     4 |       |     9 |       ||    13
 Stab: Sleeping          |     1 |       |       |       ||     1
  Eat: Chunk             |       |     8 |    17 |       ||    25
       Ration            |       |       |     1 |       ||     1
Armor: Animal skin       |    14 |       |       |       ||    14
       Scale mail        |       |    16 |    39 |       ||    55
       Ring mail         |       |     1 |       |       ||     1
       Plate armour      |       |       |    91 |    32 ||   123
Dodge: Dodged            |    49 |    42 |   130 |    22 ||   243
